 Dungeon Sprint DCSS version 0.29.1-12-g30fa7ad0bf (webtiles) character file.

Game seed: 8455827760665217688

6177 Groucho the Unseen (level 10, -7/58 HPs)
             Began as a Spriggan Enchanter on Dec 22, 2022.
             Was a Priest of Dithmenos.
             Succumbed to a death drake's dark miasma
             ... in the Dungeon (Sprint II: "The Violet Keep of Menkaure").
             The game lasted 00:09:14 (790 turns).

Groucho the Unseen (Spriggan Enchanter)              Turns: 790, Time: 00:09:14

Health: -7/58      AC:  1    Str:  8    XL:     10   Next: 60%
Magic:  24/28      EV: 26    Int: 18    God:    Dithmenos [***...]
Gold:   1257       SH:  0    Dex: 15    Spells: 24/35 levels left

rFire   . . .      SeeInvis +   a - +1 dagger
rCold   . . .      Faith    .   (no shield)
rNeg    . . .      Spirit   .   b - +0 robe
rPois   .          Reflect  .   (helmet restricted)
rElec   .          Harm     .   (no cloak)
rCorr   .          Rampage  .   (gloves unavailable)
Will    +....      NoTele   +   (boots unavailable)
Stlth   ++........              (no amulet)
HPRegen 0.19/turn               (no ring)
MPRegen 0.21/turn               (no ring)

@: confused, lethally poisoned (-7 -> -55), slowed, wreathed by umbra, very slow
A: very small, no large weapons, unfitting armour, see invisible, speed 3, large
bone plates 1, deformed body
a: Renounce Religion, Shadow Step


You were in the Dungeon.
You worshipped Dithmenos.
Dithmenos was most pleased with you.
You visited 1 branch You collected 1296 gold pieces.
You spent 39 gold pieces at shops.

Inventory:

Hand Weapons
 a - a +1 dagger (weapon)
Armour
 b - a +0 robe (worn)
Scrolls
 c - a scroll of vulnerability {unknown}
 i - a scroll of blinking
Potions
 e - a potion of heal wounds
 f - a potion of ambrosia {unknown}
 g - 2 potions of magic


   Skills:
 + Level 9.4 Fighting
 - Level 10.0 Short Blades
 + Level 14.4 Dodging
 - Level 16.0 Stealth
 + Level 13.3 Spellcasting
 + Level 13.6 Hexes


You had 24 spell levels left.
You knew the following spells:

 Your Spells              Type           Power      Damage    Failure   Level
a - Ensorcelled Hibernat  Hex/Ice        72%        N/A       1%          2
b - Confusing Touch       Hex            57%        N/A       1%          3
c - Dazzling Flash        Conj/Hex       72%        N/A       1%          3
d - Tukima's Dance        Hex            57%        N/A       1%          3

Your spell library contained the following spells:

 Spells                   Type           Power      Damage    Failure   Level


Dungeon Overview and Level Annotations

Branches:
Dungeon (1/1)

Altars:
Cheibriados
Dithmenos
Elyvilon
Fedhas
Gozag
Hepliaklqana
Kikubaaqudgha
Makhleb
Nemelex Xobeh
Okawaru
Qazlal
Ru
Sif Muna
Trog
Uskayaw
Vehumet
Wu Jian
Xom
Yredelemnul
Zin
The Shining One
Jiyva
Lugonu

Shops:
D :[:=*=![!(?(?*?

Annotations:
D exclusion: oklob plant


Innate Abilities, Weirdness & Mutations

You are very small and have problems with some larger weapons.
You are too small for most types of armour.
You have supernaturally acute eyesight. (SInv)
You cover ground extremely quickly. (Speed+++)
You are partially covered in large bone plates. (SH +4)
Armour fits poorly on your strangely shaped body.


Message History

You are more poisoned.
Unknown command.
You bump into the stone wall.
You feel very sick. The death drake misses you.
The swamp drake completely misses you.
The death drake fails to trigger a net trap.
Unknown command.
Unknown command.
Okay, then.
You bump into the stone wall.
You feel very sick. The death drake bites you!
The swamp drake fails to trigger a net trap.
The swamp drake misses you.
Unknown command.
Unknown command.
You're too confused to cast spells.
Okay, then.
Okay, then.
Okay, then.
You're too confused to cast spells.
Unknown command.
You feel sick. The death drake completely misses you.
You feel sick.
Unknown command.
You feel sick. The death drake breathes miasma at you.
The foul vapour misses you.
You enter the shallow water.
Moving in this stuff is going to be slow.
You are engulfed in dark miasma.
You are lethally poisoned!
You feel yourself slow down.
* * * LOW HITPOINT WARNING * * *
You feel very sick.
Unknown command.
You bump into the stone wall.
You are engulfed in dark miasma.
You are more poisoned.
* * * LOW HITPOINT WARNING * * *
You die...

##+##..#..####.# .#
#...##.####..'.##.# ..#).#
...#.[#...#### #...###
..#####.k##)# !?!
##'###.##..#..'^k#†.#▓$!!$$
##.####.#..#..#°k#†.#▓)$!$:=
'.<.'.##'..####°☼##.#▓[?[$?$
##.##...#....###☼°.##▓▓▓▓▓▓▓
##'###.##...§.°°@°°~~~~~~~~~
###.####~~.....°#'########+#
..##.#~~~~~§~.§§#....._..#§~
#...##~~~~~§~§§§#...._._.#§§
##+##~~~§§≈§~~~~#..._._._#§§
~ ~~~~~§§§≈≈~§§#.._._._.#§§
+++#~§§§≈§≈≈~#._._._._#~§
##≈≈§###§§#_._._._.#~S ##§≈
#≈≈#._._._._#~§


You could see a death drake and 2 swamp drakes.

Vanquished Creatures
  A deep elf master archer (D)
  A great orb of eyes (D)
  A death drake (D)
  3 shining eyes (D)
  A merfolk siren (D)
  2 unseen horrors (D)
  A yaktaur (D)
  A hornet (D)
  3 polar bears (D)
  4 neqoxecs (D)
  A water moccasin (D)
  4 necrophages (D)
  3 worms (D)
26 creatures vanquished.

Vanquished Creatures (others)
  Menkaure (D)
  A water moccasin (D)
2 creatures vanquished.

Grand Total: 28 creatures vanquished

Notes
Turn   | Place    | Note
-------+----------+-------------------------------------------
     0 | D        | Groucho the Spriggan Enchanter began the quest for the Orb.
     0 | D        | Reached XP level 1. HP: 9/9 MP: 5/5
     1 | D        | Noticed a necrophage
     1 | D        | Noticed a necrophage
     1 | D        | Noticed a necrophage
     1 | D        | Noticed a necrophage
     6 | D        | Killed a necrophage
     7 | D        | Reached skill level 1 in Fighting
     7 | D        | Reached skill level 7 in Stealth
     7 | D        | Reached XP level 2. HP: 15/15 MP: 6/8
     7 | D        | Reached XP level 3. HP: 18/18 MP: 6/9
    16 | D        | Killed a necrophage
    17 | D        | Reached skill level 5 in Dodging
    17 | D        | Reached skill level 9 in Stealth
    17 | D        | Reached skill level 5 in Hexes
    17 | D        | Reached XP level 4. HP: 17/23 MP: 6/11
    20 | D        | Killed a necrophage
    21 | D        | Reached skill level 10 in Stealth
    21 | D        | Reached skill level 5 in Spellcasting
    21 | D        | Reached XP level 5. HP: 21/28 MP: 7/14
    58 | D        | Killed a water moccasin
    98 | D        | Killed Menkaure
   268 | D        | Noticed a merfolk siren
   271 | D        | Killed a merfolk siren
   272 | D        | Reached skill level 13 in Stealth
   272 | D        | Reached XP level 6. HP: 34/34 MP: 15/17
   272 | D        | Reached XP level 7. HP: 38/38 MP: 15/18
   292 | D        | Noticed a neqoxec
   295 | D        | Killed a neqoxec
   296 | D        | Reached skill level 5 in Fighting
   296 | D        | Noticed a neqoxec
   297 | D        | Killed a neqoxec
   298 | D        | Reached skill level 14 in Stealth
   298 | D        | Noticed a neqoxec
   298 | D        | Noticed a neqoxec
   300 | D        | Killed a neqoxec
   302 | D        | Killed a neqoxec
   303 | D        | Reached skill level 15 in Stealth
   303 | D        | Reached XP level 8. HP: 44/44 MP: 17/21
   348 | D        | Learned a level 2 spell: Ensorcelled Hibernation
   352 | D        | Learned a level 3 spell: Confusing Touch
   356 | D        | Learned a level 3 spell: Dazzling Flash
   360 | D        | Learned a level 3 spell: Tukima's Dance
   360 | D        | Found Qocuolun's Magic Scroll Shoppe.
   360 | D        | Found Awagrif's General Store.
   360 | D        | Found Seterph's Magic Scroll Emporium.
   360 | D        | Found Ofeozeer's Antique Weapon Emporium.
   360 | D        | Found Modadott's Distillery.
   360 | D        | Found Vovosoll's Weapon Shoppe.
   361 | D        | Found Niloufap's Antique Armour Shoppe.
   361 | D        | Found Omaiv's Distillery.
   362 | D        | Found Ximo's Jewellery Shoppe.
   362 | D        | Found Hufoed's Magic Scroll Emporium.
   362 | D        | Found Liutoene's Assorted Antiques.
   461 | D        | Found Joutyur's Jewellery Emporium.
   461 | D        | Noticed an oklob plant
   462 | D        | Found Vomeomac's Antique Armour Shoppe.
   462 | D        | Found Rupoagi's Book Emporium.
   462 | D        | Found Zeolu's Book Shoppe.
   463 | D        | Noticed a hell hog
   480 | D        | Noticed a hell hog
   491 | D        | Noticed a death yak
   508 | D        | Bought a potion of flight for 39 gold pieces
   542 | D        | Found a blossoming altar of Fedhas.
   542 | D        | Found an opulent altar of Gozag.
   543 | D        | Found a white marble altar of Elyvilon.
   543 | D        | Found a burning altar of Makhleb.
   544 | D        | Found a shadowy altar of Dithmenos.
   544 | D        | Found a corrupted altar of Lugonu.
   544 | D        | Found a sparkling altar of Nemelex Xobeh.
   544 | D        | Found a hide-covered altar of Uskayaw.
   545 | D        | Found a snail-covered altar of Cheibriados.
   545 | D        | Found an ancient bone altar of Kikubaaqudgha.
   545 | D        | Found a bloodstained altar of Trog.
   610 | D        | Found a viscous altar of Jiyva.
   610 | D        | Found a shimmering blue altar of Sif Muna.
   611 | D        | Found a hazy altar of Hepliaklqana.
   611 | D        | Found a sacrificial altar of Ru.
   612 | D        | Found a shimmering altar of Xom.
   613 | D        | Found a stormy altar of Qazlal.
   613 | D        | Found an ornate altar of the Wu Jian Council.
   613 | D        | Found a basalt altar of Yredelemnul.
   613 | D        | Found a glowing golden altar of the Shining One.
   613 | D        | Noticed a hornet
   613 | D        | Noticed a polar bear
   614 | D        | Found a radiant altar of Vehumet.
   614 | D        | Found an iron altar of Okawaru.
   614 | D        | Found a glowing silver altar of Zin.
   614 | D        | Noticed a yaktaur
   617 | D        | Became a worshipper of Dithmenos the Shadowed
   623 | D        | Noticed a polar bear
   623 | D        | Noticed a polar bear
   624 | D        | Killed a polar bear
   625 | D        | Killed a polar bear
   626 | D        | Reached skill level 10 in Dodging
   626 | D        | Reached skill level 16 in Stealth
   627 | D        | Killed a hornet
   627 | D        | Reached * piety under Dithmenos
   628 | D        | Killed a polar bear
   629 | D        | Reached skill level 10 in Hexes
   629 | D        | Reached XP level 9. HP: 43/49 MP: 21/23
   630 | D        | Killed a yaktaur
   631 | D        | Reached skill level 10 in Spellcasting
   645 | D        | Noticed a deep elf master archer
   650 | D        | Killed a deep elf master archer
   650 | D        | Reached ** piety under Dithmenos
   651 | D        | Reached skill level 10 in Short Blades
   656 | D        | Noticed a great orb of eyes
   659 | D        | Killed a great orb of eyes
   660 | D        | Reached XP level 10. HP: 53/56 MP: 26/26
   688 | D        | Noticed a shining eye
   688 | D        | Noticed a shining eye
   688 | D        | Noticed a shining eye
   690 | D        | Killed a shining eye
   690 | D        | Reached *** piety under Dithmenos
   692 | D        | Killed a shining eye
   695 | D        | Gained mutation: You are partially covered in large bone
                  | plates. (SH +4) [a shining eye]
   700 | D        | Gained mutation: Armour fits poorly on your strangely
                  | shaped body. [a shining eye]
   701 | D        | Killed a shining eye
   767 | D        | Noticed a death drake
   773 | D        | Killed a death drake
   775 | D        | Noticed a death drake
   790 | D        | Succumbed to a death drake's dark miasma

Illustrated notes

Levels and vault maps discovered:
D:        the_violet_keep_of_menkaure [sprint2_stairs_cluster_1,
          sprint2_shoproom, sprint2_temple, sprint2_basic_supplies,
          sprint2_obstacle_6, sprint2_obstacle_1, sprint2_obstacle_3,
          sprint2_obstacle_4, sprint2_obstacle_7, sprint2_timed_cluster_1,
          sprint2_smallroom_cluster_1, sprint2_smallroom_final_cluster_1,
          sprint2_transparent_cluster_1, sprint2_second_timed_cluster_1,
          sprint2_sniper_area_1, sprint2_heavy_combat_area_1,
          sprint2_mutation_trap_area_1, sprint2_forest_area_1,
          sprint2_light_combat_area_1, sprint2_behind_water_1,
          sprint2_near_end_vault_1]

Skill      XL: |  1  2  3  4  5  6  7  8  9 10 |
---------------+-------------------------------+-----
Fighting       | 1 2 3 4 5 6 8 9 |  9.4
Short Blades   | 3 4 6 7 8 10 | 10.0
Dodging        | 4 5 7 9 10 12 14 | 14.4
Stealth        | 7 9 10 13 15 16 | 16.0
Spellcasting   | 4 5 7 8 9 11 13 | 13.3
Hexes          | 4 5 6 7 8 10 12 13 | 13.6

Action                   |  1- 3 |  4- 6 |  7- 9 | 10-12 || total
-------------------------+-------+-------+-------+-------++-------
Melee: Dagger            |    14 |     8 |    15 |    13 ||    50
       Punch             |     1 |       |       |       ||     1
 Cast: Ensorcelled Hiber |       |       |     3 |     6 ||     9
       Dazzling Flash    |       |       |       |     2 ||     2
  Use: Potion            |     1 |     2 |     2 |     1 ||     6
 Stab: Sleeping          |       |     1 |    15 |     5 ||    21
       Invisible         |       |       |       |     1 ||     1
Dodge: Dodged            |     4 |     2 |     2 |     9 ||    17
Block: Other             |       |       |       |     1 ||     1
